 Dungeon Sprint DCSS version 0.31-a0-18-gea43df2a32 (webtiles) character file.

Game seed: 5158741973405772289

1790 bmack86 the Fighter (level 8, 0/88 HPs)
             Began as a Minotaur Berserker on May 10, 2023.
             Was an Elder of Trog.
             Slain by a centaur warrior (7 damage)
             ... in the Dungeon (Sprint I: "Red Sonja").
             The game lasted 00:03:31 (348 turns).

bmack86 the Fighter (Minotaur Berserker)             Turns: 348, Time: 00:03:32

Health: 0/88       AC:  6    Str: 24    XL:     8   Next: 82%
Magic:  7/7        EV: 12    Int:  4    God:    Trog [****..]
Gold:   238        SH:  0    Dex: 10    Spells: 7/7 levels left

rFire   . . .        a - +0 hand axe
rCold   . . .        (no shield)
rNeg    . . .        j - +2 leather armour {rPois}
rPois   +            (helmet restricted)
rElec   .            (no cloak)
rCorr   .            (no gloves)
SInv    .            (no boots)
Will    .....        (no amulet)
Stlth   +            (no ring)
HPRegen 0.34/turn    (no ring)
MPRegen 0.10/turn

%: no teleportation
@: no status effects
A: horns 2, retaliatory headbutt
a: Renounce Religion, Berserk, Trog's Hand, Brothers in Arms


You were in the Dungeon.
You worshipped Trog.
Trog was greatly pleased with you.
You visited 1 branch You collected 420 gold pieces.
You spent 182 gold pieces at shops.

Inventory:

Hand Weapons
 a - a +0 hand axe (weapon)
Armour
 b - a +0 animal skin
 j - a +2 leather armour of poison resistance (worn)
Wands
 i - a wand of polymorph (19) (quivered)
Scrolls
 h - a scroll of blinking
Potions
 c - a potion of curing
 d - 3 potions of heal wounds
 e - a potion of haste
 f - 2 potions of magic
 g - a potion of berserk rage
 k - a potion of brilliance {unknown}


   Skills:
 + Level 13.8 Fighting
 + Level 13.8 Axes
 + Level 13.2 Armour
 - Level 2.9 Dodging
 + Level 3.4 Evocations


You had 7 spell levels left.
You didn't know any spells.
Your spell library was empty.

Dungeon Overview and Level Annotations

Branches:
Dungeon (1/1)

Altars:
Cheibriados
Dithmenos
Elyvilon
Fedhas
Gozag
Hepliaklqana
Kikubaaqudgha
Makhleb
Nemelex Xobeh
Okawaru
Qazlal
Ru
Sif Muna
Trog
Uskayaw
Vehumet
Wu Jian
Xom
Yredelemnul
Zin
The Shining One
Jiyva
Lugonu

Shops:
D !


Innate Abilities, Weirdness & Mutations

You have a pair of horns on your head.
You reflexively headbutt those who attack you in melee.


Message History

You furiously retaliate!
You headbutt the centaur warrior!
The centaur warrior kicks you but does no damage.
The centaur warrior barely misses you.
The centaur warrior kicks you but does no damage.
You slash the centaur warrior!
You kill the centaur warrior!
Trog accepts your kill.
You hit the centaur warrior. The centaur warrior hits you!
The centaur warrior completely misses you.
Your Armour skill increases to level 13!
Your Evocations skill gained 3 levels and is now at level 3!
The centaur warrior hits you!
* * * LOW HITPOINT WARNING * * *
The centaur warrior barely misses you. The centaur warrior hits you!
* * * LOW HITPOINT WARNING * * *
The centaur warrior kicks you but does no damage.
Things that are here:
a +0 shortbow; a centaur corpse The centaur warrior hits you.
* * * LOW HITPOINT WARNING * * *
The centaur warrior kicks you.
* * * LOW HITPOINT WARNING * * *
The centaur warrior closely misses you.
The centaur warrior kicks you but does no damage.
You recover from your berserk rage.
The centaur warrior misses you.
The centaur warrior kicks you but does no damage.
You hit the centaur warrior but do no damage.
The centaur warrior is heavily wounded.
The centaur warrior closely misses you.
The centaur warrior kicks you but does no damage.
You slash the centaur warrior!
The centaur warrior is severely wounded.
The centaur warrior barely misses you. You furiously retaliate!
You headbutt the centaur warrior.
The centaur warrior kicks you but does no damage.
You hit the centaur warrior.
The centaur warrior is severely wounded.
The centaur warrior hits you!
You die...

######################
..').#..'..#__#..')..#
).#..').#..'..'..#)..#
####'#####'#__####...+
###..#...#[####§§#####
__####..##.#~§§c@#
_____##'#_.'§§§§§+
_.∩...†..._#§§§§§#
_..__##_.#'##+####
_____###+#.# ######
###


You could see a centaur warrior.

Vanquished Creatures
  A centaur warrior (D)
  2 kobold demonologists (D)
  A slime creature (D)
  Sigmund (D)
  A yak (D)
  A floating eye (D)
  An ogre (D)
  A jelly (D)
  Ijyb (D)
10 creatures vanquished.

Notes
Turn   | Place    | Note
-------+----------+-------------------------------------------
     0 | D        | bmack86 the Minotaur Berserker began the quest for the Orb.
     0 | D        | Reached XP level 1. HP: 19/19 MP: 0/0
     3 | D        | Noticed Ijyb
     8 | D        | Killed Ijyb
     9 | D        | Reached skill level 5 in Fighting
     9 | D        | Reached skill level 5 in Axes
     9 | D        | Reached XP level 2. HP: 29/29 MP: 1/1
    58 | D        | Noticed an ogre
    62 | D        | Killed an ogre
    63 | D        | Reached skill level 5 in Armour
    63 | D        | Reached XP level 3. HP: 39/39 MP: 2/2
    63 | D        | Reached XP level 4. HP: 47/47 MP: 3/3
   104 | D        | Noticed Sigmund
   108 | D        | Killed Sigmund
   108 | D        | Reached ** piety under Trog
   109 | D        | Reached XP level 5. HP: 57/57 MP: 4/4
   124 | D        | Found an ornate altar of the Wu Jian Council.
   124 | D        | Found a shimmering blue altar of Sif Muna.
   126 | D        | Found a radiant altar of Vehumet.
   130 | D        | Reached XP level 6. HP: 33/64 MP: 5/5
   233 | D        | Found Tatoa's Distillery.
   233 | D        | Found an ancient bone altar of Kikubaaqudgha.
   233 | D        | Found a hazy altar of Hepliaklqana.
   233 | D        | Found a stormy altar of Qazlal.
   233 | D        | Found a hide-covered altar of Uskayaw.
   233 | D        | Found a blossoming altar of Fedhas.
   233 | D        | Found a bloodstained altar of Trog.
   233 | D        | Found an iron altar of Okawaru.
   233 | D        | Found a basalt altar of Yredelemnul.
   233 | D        | Found a glowing golden altar of the Shining One.
   233 | D        | Found a snail-covered altar of Cheibriados.
   233 | D        | Found a sacrificial altar of Ru.
   233 | D        | Found a glowing silver altar of Zin.
   233 | D        | Found a shadowy altar of Dithmenos.
   233 | D        | Found a white marble altar of Elyvilon.
   233 | D        | Noticed a yak
   238 | D        | Killed a yak
   239 | D        | Reached skill level 10 in Fighting
   239 | D        | Reached skill level 10 in Axes
   239 | D        | Found an opulent altar of Gozag.
   240 | D        | Found a sparkling altar of Nemelex Xobeh.
   244 | D        | Bought a potion of might for 52 gold pieces
   244 | D        | Bought a potion of heal wounds for 65 gold pieces
   244 | D        | Bought a potion of heal wounds for 65 gold pieces
   274 | D        | Found a burning altar of Makhleb.
   274 | D        | Found a viscous altar of Jiyva.
   274 | D        | Found a shimmering altar of Xom.
   274 | D        | Found a corrupted altar of Lugonu.
   274 | D        | Noticed a slime creature
   280 | D        | Killed a slime creature
   281 | D        | Reached skill level 10 in Armour
   281 | D        | Reached XP level 7. HP: 46/74 MP: 6/6
   295 | D        | Noticed a kobold demonologist
   296 | D        | Paralysed by a floating eye for 2 turns
   298 | D        | Reached *** piety under Trog
   301 | D        | Noticed a kobold demonologist
   305 | D        | Killed a kobold demonologist
   309 | D        | Killed a kobold demonologist
   309 | D        | Reached **** piety under Trog
   310 | D        | Reached XP level 8. HP: 86/86 MP: 7/7
   331 | D        | Noticed a centaur warrior
   331 | D        | Noticed a centaur warrior
   342 | D        | Killed a centaur warrior
   348 | D        | Slain by a centaur warrior

Illustrated notes

Levels and vault maps discovered:
D:        dungeon_sprint_1 [red_sonja_temple_1, red_sonja_temple_small_1]

Skill      XL: |  1  2  3  4  5  6  7  8 |
---------------+-------------------------+-----
Fighting       | 5 7 9 11 13 | 13.8
Axes           | 5 7 9 11 13 | 13.8
Armour         | 3 5 8 10 12 13 | 13.2
Evocations     | 3 |  3.4
Dodging        | |  2.9

Action                     |  1- 3 |  4- 6 |  7- 9 || total
---------------------------+-------+-------+-------++-------
  Melee: Hand axe          |     7 |    14 |    20 ||    41
         Headbutt          |     1 |     4 |     4 ||     9
         Punch             |       |       |     1 ||     1
 Invoke: Berserk           |     2 |     2 |     1 ||     5
    Use: Potion            |       |     1 |       ||     1
 Armour: Leather armour    |       |     1 |    17 ||    18
  Dodge: Dodged            |       |     2 |    18 ||    20

Table legend: (Time is in decaauts)
 A = Elapsed time spent in this place.
 B = Non-inter-level travel time spent in this place.
 C = Inter-level travel time spent in this place.
 D = Time resting spent in this place.
 E = Time spent auto-exploring this place.
 F = Levels seen in this place.
 G = Mean time per level.
                   A        B        C        D        E       F      G
               +--------+--------+--------+--------+--------+-----+--------+
         Total |    389 |    389 |      0 |    172 |      0 |   1 |  389.0 |
       Dungeon |    389 |    389 |      0 |    172 |      0 |   1 |  389.0 |
               +--------+--------+--------+--------+--------+-----+--------+

Top non-repeatable levels by time:
       D: 389 daAuts
